 Dungeon Crawl Stone Soup version 0.28.0-47-ge53b351184 (webtiles) character file.

Game seed: 263895301418540245

39 Eitelfritz the Sneak (level 3, -6/22 HPs)
             Began as a Kobold Brigand on Apr 27, 2022.
             Mangled by a gnoll
             ... wielding a +0 club
              (7 damage)
             ... on level 1 of the Dungeon.
             The game lasted 00:01:58 (794 turns).

Eitelfritz the Sneak (Kobold Brigand)                Turns: 794, Time: 00:01:59

Health: -6/22      AC:  3    Str:  8    XL:     3   Next: 70%
Magic:  3/3        EV: 14    Int: 12    God:
Gold:   11         SH:  0    Dex: 18    Spells: 2/2 levels left

rFire   . . .      SeeInvis .   a - +1 dagger (speed)
rCold   . . .      Faith    .   (no shield)
rNeg    . . .      Spirit   .   b - +0 robe
rPois   .          Reflect  .   (no helmet)
rElec   .          Harm     .   c - +0 cloak
rCorr   .          Rampage  .   (no gloves)
Will    .....                   (no boots)
Stlth   ++++......              (no amulet)
HPRegen 0.07/turn               (no ring)
MPRegen 0.08/turn               (no ring)

@: no status effects
A: small, no large weapons, nightstalker 3
a: no special abilities


You were on level 1 of the Dungeon.
You visited 1 branch of the dungeon, and saw 2 of its levels.

You collected 11 gold pieces.

Inventory:

Hand Weapons
 a - a +1 dagger of speed (weapon)
 j - a +2 dagger
Missiles
 d - 8 poisoned darts (quivered)
 e - 2 curare-tipped darts
Armour
 b - a +0 robe (worn)
 c - a +0 cloak (worn)
Jewellery
 f - a ring of willpower
Scrolls
 h - a scroll of teleportation {unknown}
Potions
 g - a potion of ambrosia {unknown}
 i - a potion of might {unknown}


   Skills:
 + Level 2.5 Fighting
 + Level 3.4 Short Blades
 + Level 2.2 Throwing
 + Level 1.4 Dodging
 + Level 6.3 Stealth


You had 2 spell levels left.
You didn't know any spells.
Your spell library was empty.

Dungeon Overview and Level Annotations

Branches:
Dungeon (2/15)

Altars:


Innate Abilities, Weirdness & Mutations

You are small and have problems with some larger weapons.
You are completely attuned to the shadows.


Message History

The gnoll is lightly wounded.
You hit the gnoll.
The gnoll is moderately wounded.
The gnoll barely misses you.
You hit the gnoll but do no damage.
The gnoll is moderately wounded.
You hit the gnoll. You punch the gnoll.
The gnoll is severely wounded.
The gnoll misses you.
You hit the gnoll.
The gnoll is severely wounded.
You hit the gnoll but do no damage.
The gnoll is severely wounded.
The gnoll closely misses you.
You hit the gnoll but do no damage.
The gnoll is severely wounded.
You hit the gnoll.
The gnoll is severely wounded.
The gnoll misses you.
You hit the gnoll but do no damage.
The gnoll is severely wounded.
You hit the gnoll but do no damage.
The gnoll is severely wounded.
The gnoll misses you.
You barely miss the gnoll.
The gnoll is severely wounded.
You hit the gnoll but do no damage.
The gnoll is severely wounded.
The gnoll hits you with a +0 club.
* * * LOW HITPOINT WARNING * * *
You hit the gnoll but do no damage.
The gnoll is severely wounded.
The gnoll hits you with a +0 club.
* * * LOW HITPOINT WARNING * * *
You hit the gnoll.
The gnoll is almost dead.
You barely miss the gnoll.
The gnoll is almost dead.
The gnoll hits you with a +0 club!
You die...

#.............>...#PP
#.............#.###.P
#...##########.......P
#... #.....##.. ..
########.....##.# ....
#......#.....##.# ....
#......#.........
....###......# #.....
.....g@....... #.....
.....###.....# ##.....
.....#.#.....# #......
.....#......#####.#....
....#...#.............#
....#...#.#.#####.#####
###.#.#..†.##...#
#.#..#....#.#
..#..####...#


You could see a gnoll.

Vanquished Creatures
  An adder (D:2)
  5 bats (D:1)
  4 endoplasms (D:1)
  2 giant cockroaches (D:1)
  2 hobgoblins
  A jackal (D:2)
  2 kobolds (D:1)
  6 ball pythons (D:1)
  2 goblins (D:1)
  2 rats (D:1)
27 creatures vanquished.

Vanquished Creatures (others)
  7 plants (D:1)
7 creatures vanquished.

Grand Total: 34 creatures vanquished

Notes
Turn   | Place    | Note
-------+----------+-------------------------------------------
     0 | D:1      | Eitelfritz the Kobold Brigand began the quest for the Orb.
     0 | D:1      | Reached XP level 1. HP: 12/12 MP: 1/1
   173 | D:1      | Reached XP level 2. HP: 18/18 MP: 2/2
   256 | D:1      | Found a faded altar of an unknown god.
   351 | D:1      | Reached skill level 6 in Stealth
   387 | D:1      | You fall into a shaft and drop 1 floor!
   434 | D:2      | Reached XP level 3. HP: 20/22 MP: 3/3
   792 | D:1      | HP: 1/22 [gnoll/+0 club (4)]
   794 | D:1      | Mangled by a gnoll

Illustrated notes

Levels and vault maps discovered:
D:1:      dpeg_arrival_shelter, layout_basic, basic_ecumenical_altar,
          serial_bayou, serial_bayou_lagoon_a, serial_bayou_pond_c,
          serial_bayou_pond_a, serial_bayou_crossing, amethyst_killhole,
          chequers_avenue, serial_bayou_pond_c, minmay_pentomino_r2
D:2:      layout_rooms, uniq_robin

Skill      XL: |  1  2 |
---------------+-------+-----
Short Blades   | 3 |  3.4
Stealth        | 6 |  6.3
Fighting       | |  2.5
Throwing       | |  2.2
Dodging        | |  1.4

Action                   || total
-------------------------++-------
Melee: Dagger            ||   101
       Punch             ||     3
 Stab: Sleeping          ||    10
Armor: Robe              ||    14
Dodge: Dodged            ||    56
